Unix NetHack Version 3.7.0-78 Work-in-progress - last build Mar 8 2023 14:48:58 (e1b806644f7dc75fed06536c1d2466fecd9570d3,branch:master). Game began 2023-03-16 06:50:04, ended 2024-04-12 09:11:13. okmujnyhb, lawful female dwarven Valkyrie ---------------- |..............| |..........<...| |..............| ##########......@*.......| ------|--------- # ---+- ------- # # ##-...| #......+ # ### # |..>| #|..<..| ## ## # |..?|#####|.....| ## ## ## |...-# |.....| #### ### ## |...| ------- # ## -|---- ## ----- ## # #-....| ## -------------.-- ----.-######|....| ## ...............| |.....## |....|## |.............(| |....|## |....|# ######################...............| |.....# |.....# ---------------- ------ ------ Okmujnyhb the Fighter St:9 Dx:16 Co:18 In:8 Wi:11 Ch:9 Lawful Dlvl:9 $:77 HP:76(76) Pw:13(13) AC:-2 Xp:7/1229 T:6732 Burdened Latest messages: You succeed in picking the lock. The door resists! The door opens. You are carrying too much to get through. You find a hidden passage. Pick an object. The Eater-of-Chains misses the violet fungus. The Eater-of-Chains misses the violet fungus. The Eater-of-Chains misses the violet fungus. The Eater-of-Chains misses the violet fungus. The Eater-of-Chains bites the violet fungus. The Eater-of-Chains bites the violet fungus. The violet fungus is killed! You materialize in a different location! You have a little trouble lifting $ - 61 gold pieces (64 in total). You see here a towel. The door opens. You hit the giant ant. The giant ant misses! The giant ant bites! You miss the giant ant. The giant ant misses! The giant ant just misses! You miss the giant ant. The giant ant misses! The giant ant misses! The giant ant misses! You hit the giant ant! The giant ant misses! The giant ant bites! You kill the giant ant! The giant ant misses! You miss the giant ant. The giant ant bites! You miss the giant ant. The giant ant bites! You hit the giant ant! The giant ant misses! The giant ant bites! The giant ant bites! You miss the giant ant. The giant ant bites! You kill the giant ant! You have a little trouble lifting V - a blue gem. What do you want to drop? [$a-hj-ln-rtuw-zAC-V or ?*] You drop a blue gem. You have a little trouble lifting $ - 13 gold pieces (77 in total). You feel strong! You must have been exercising diligently. # Inventory: Coins ('$') $ - 77 gold pieces Weapons (')') b - an uncursed +0 dagger a - an uncursed +1 dwarvish spear C - an uncursed +0 elven dagger (at the ready) o - an uncursed +0 orcish dagger Q - an uncursed +0 silver dagger e - the blessed rustproof +0 Excalibur (weapon in hand) Armor ('[') E - a blessed +1 pair of iron shoes (being worn) c - an uncursed +3 small shield (being worn) F - an uncursed +0 dwarvish cloak (being worn) H - an uncursed +0 chain mail (being worn) Scrolls ('?') x - an uncursed scroll of amnesia t - an uncursed scroll of blank paper U - a cursed scroll of create monster D - an uncursed scroll of destroy armor J - 2 uncursed scrolls of stinking cloud K - an uncursed scroll of teleportation Potions ('!') p - 2 uncursed potions of blindness h - an uncursed potion of enlightenment w - an uncursed potion of full healing O - a blessed potion of gain ability T - an uncursed potion of gain energy y - an uncursed potion of levitation P - an uncursed potion of monster detection d - 2 uncursed potions of object detection A - an uncursed potion of sickness I - a cursed potion of sleeping N - an uncursed potion of water Rings ('=') f - an uncursed ring of invisibility Wands ('/') r - an uncursed wand of enlightenment (0:11) Tools ('(') l - an uncursed lock pick g - an uncursed mirror M - an uncursed oil lamp S - an uncursed tin opener R - an uncursed +0 unicorn horn Gems/Stones ('*') G - an uncursed jade stone L - an uncursed jasper stone q - 2 uncursed worthless pieces of black glass z - an uncursed worthless piece of green glass u - a cursed worthless piece of green glass n - an uncursed worthless piece of orange glass j - an uncursed worthless piece of red glass k - an uncursed worthless piece of yellowish brown glass Okmujnyhb the Valkyrie's attributes: Background: You were a Fighter, a level 7 dwarven Valkyrie. You were lawful, on a mission for Tyr who was opposed by Odin (neutral) and Loki (chaotic). You were in the Dungeons of Doom, on level 9. You entered the dungeon 6732 turns ago. You had 1229 experience points, 51 more were needed to attain level 8. Basics: You had all 76 hit points. You had all 13 energy points (spell power). Your armor class was -2. Your wallet contained 77 zorkmids. Autopickup was on for '$+?!"=/*' plus thrown, with exceptions. Final Characteristics: Your strength was 9 (peak:16, limit:18/100). Your dexterity was 16 (limit:20). Your constitution was 18 (limit:20). Your intelligence was 8 (limit:16). Your wisdom was 11 (limit:16). Your charisma was 9 (limit:16). Final Status: You were not hungry. You were burdened; movement was slightly slowed. You were wielding a long sword. You were unskilled in long sword and could have enhanced that. Final Attributes: You were piously aligned. You were cold resistant. You were poison resistant. You were level-drain resistant. You had automatic searching. You had infravision. You were stealthy. You could teleport. You were warded. You were fast. You survived. Miscellaneous: You disabled loading of bones levels. Total elapsed playing time was 1 hour, 47 minutes and 35 seconds. Major events: Turn 1: okmujnyhb the lawful dwarven Valkyrie entered the dungeon 671: entered the Gnomish Mines 2273: attained the rank of Skirmisher (level 3) 3413: had Excalibur thrown at them by some watery tart 3995: attained the rank of Fighter (level 6) 6732: quit Vanquished creatures: 21 leprechauns a giant spider a vampire bat a dwarf mummy 2 brown puddings a dingo 2 dogs a housecat a white unicorn a gnome mummy 2 snakes an ape a soldier ant a mountain nymph 4 rock piercers a rock mole a shrieker a violet fungus 2 gnome leaders a red naga hatchling a golden naga hatchling a gray ooze a ghoul 7 giant ants 2 little dogs 2 floating eyes 2 dwarves 7 hill orcs 3 rothes a rabid rat a giant bat a monkey 3 dwarf zombies a wererat 4 iguanas 9 killer bees an acid blob 5 coyotes a gas spore a hobbit 2 hobgoblins 5 giant rats 7 cave spiders a yellow mold a green mold 2 red molds 12 gnomes 9 geckos 9 jackals 4 goblins a sewer rat 7 grid bugs a bat 4 lichens 3 kobold zombies 7 newts 176 creatures vanquished. No species were genocided or became extinct. Voluntary challenges: You read items or engraved 3 times. You engraved Elbereth 1 time. You never genocided any monsters. You never polymorphed an object. You never changed form. You used no wishes. Achievements: You entered a shop. You entered the Gnomish Mines. You attained the rank of Skirmisher. You attained the rank of Fighter. The Dungeons of Doom: levels 1 to 10 Level 1: A fountain. Level 2: A general store. Stairs down to The Gnomish Mines. Level 3: Some fountains. Level 4: Some altars, some fountains. Level 5: A fountain. Level 6: A fountain. Level 7: Level 8: Many fountains. Oracle of Delphi. Level 9: <- You were here. Level 10: The Gnomish Mines: levels 3 to 4 Level 3: Level 4: Farvel okmujnyhb the Valkyrie... You quit in The Dungeons of Doom on dungeon level 9 with 5463 points, and 77 pieces of gold, after 6732 moves. You were level 7 with a maximum of 76 hit points when you quit.